 Dungeon Crawl Stone Soup version 0.17-a0-483-g810ce3f (webtiles) character file.

4485 Psiweapon the Chucker (level 10, 0/93 HPs)
             Began as a Troll Hunter on Apr 7, 2015.
             Was a Follower of Cheibriados.
             Slain by a yak (4 damage)
             ... on level 9 of the Dungeon on Apr 8, 2015.
             The game lasted 00:37:08 (7208 turns).

Psiweapon the Chucker (Troll Hunter)                Turns: 7208, Time: 00:37:09

Health: 0/93       AC:  5    Str: 25    XL:     10   Next: 16%
Magic:  9/13       EV: 12    Int: 13    God:    Cheibriados [*.....]
Gold:   584        SH:  0    Dex: 13    Spells: 0 memorised, 9 levels left

rFire  . . .     SeeInvis .       - Unarmed
rCold  + . .     Clarity  .     d - +0 animal skin
rNeg   . . .     SustAb   .     (no shield)
rPois  .         Gourm    +     (helmet restricted)
rElec  .         Spirit   .     (no cloak)
rCorr  .         Warding  .     (gloves unavailable)
rMut   .         Rnd*Tele +     (boots unavailable)
MR     .....                    (no amulet)
Stlth  +.........               Y - ring of teleportation (curse)
                                G - ring of protection from cold

@: lethally poisoned (0 -> 0), very slow, not resistant to hostile enchantments,
very unstealthy
A: unfitting armour, claws 3, fast metabolism 3, gourmand, regeneration 2,
shaggy fur 1, tough skin 2
a: Bend Time, Renounce Religion, Evoke Teleportation


You were on level 9 of the Dungeon.
You worshipped Cheibriados.
Cheibriados was aware of your devotion.
You were very full.

You visited 2 branches of the dungeon, and saw 10 of its levels.
You also visited: Bailey.

You collected 784 gold pieces.
You spent 200 gold pieces at shops.

Inventory:

Hand weapons
 k - a +1 vampiric short sword
 m - a +0 dagger of electrocution
 D - a +2 hand axe of venom
 H - a +0 giant spiked club
 I - a +2 flail of protection
 L - a +1 antimagic halberd
Missiles
 c - a throwing net
 u - 15 poisoned needles
 R - 59 tomahawks of returning
 X - 4 large rocks (quivered)
Armour
 d - a +0 animal skin (worn)
Jewellery
 b - an uncursed ring of see invisible
 h - an uncursed ring of fire
 G - a ring of protection from cold (left claw)
 U - an uncursed ring of wizardry
 Y - a cursed ring of teleportation (right claw)
Magical devices
 g - a wand of polymorph (0)
 q - a wand of frost (16)
 K - a wand of fire (0)
 M - a wand of polymorph (18)
 Q - a wand of draining (0)
 W - a wand of fireball (6)
Scrolls
 e - 6 scrolls of remove curse
 i - a scroll of amnesia {unknown}
 j - 3 scrolls of fog {unknown}
 n - a scroll of random uselessness {unknown}
 v - a scroll of fear
 y - a scroll of teleportation {unknown}
 B - 3 scrolls of blinking
 C - 2 scrolls of enchant armour
 E - 3 scrolls of recharging {unknown}
 N - a scroll of enchant weapon {unknown}
 O - a scroll of magic mapping {unknown}
 P - 3 scrolls of identify
 T - a scroll of torment
Potions
 a - a potion of agility {unknown}
 o - 4 potions of restore abilities
 p - 2 potions of poison
 r - 3 potions of curing
 t - a potion of might {unknown}
 w - 2 potions of cure mutation {unknown}
 x - 2 potions of heal wounds {unknown}
 A - a potion of magic {unknown}
 J - a potion of ambrosia {unknown}
Miscellaneous
 S - a plain deck of war
Comestibles
 f - 5 bread rations
 l - 2 slices of pizza
 s - 4 meat rations
 z - 4 fruits
 F - a royal jelly


   Skills:
 + Level 4.3 Fighting
 + Level 6.9 Throwing
 + Level 6.2 Dodging
 + Level 1.2 Stealth
 + Level 5.4 Unarmed Combat
 * Level 2.6 Invocations
 + Level 5.7 Evocations


You had 9 spell levels left.
You didn't know any spells.

Dungeon Overview and Level Annotations

Branches:
Dungeon (9/15)             Temple (1/1) D:6
   Lair: D:8-11         Orc: D:9-12

Altars:
Ashenzari
Cheibriados
Dithmenos
Elyvilon
Fedhas
Gozag
Kikubaaqudgha
Makhleb
Nemelex Xobeh
Okawaru
Qazlal
Ru
Sif Muna
Trog
Vehumet
Yredelemnul
Zin
The Shining One

Shops:
D:5 *

Annotations:
D:8 1 exclusion


Innate Abilities, Weirdness & Mutations

You are too large for most types of armour.
You have claws for hands.
Your metabolism is lightning-fast.
You like to eat raw meat.
You heal very quickly.
You are covered in fur (AC +1).
You have very tough skin (AC +2).


Message History

Unknown command.
You claw the killer bee!
You kill the killer bee!
Cheibriados thoroughly appreciates the change of pace.
The killer bee stings you.
* * * LOW HITPOINT WARNING * * *
The yak gores you.
* * * LOW HITPOINT WARNING * * *
The killer bee stings you.
* * * LOW HITPOINT WARNING * * *
You barely miss the killer bee.
You feel sick. The killer bee barely misses you. The yak gores you.
* * * LOW HITPOINT WARNING * * *
Unknown command.
You claw the killer bee!
The killer bee is heavily wounded.
The killer bee stings you.
* * * LOW HITPOINT WARNING * * *
The yak gores you.
You die...

##########
.........#
.........#
...a...
#Y#.###
#@yYY.####
##Yy.....#
####.....#
.y.#..(..
..#...#...
#.# ....
## ..
..... .##
..### .
...


You could see 4 yaks, a worker ant and 2 killer bees.

Vanquished Creatures
  Erolcha (D:8)
  A tarantella (Bailey)
  A wyvern (D:8)
  Edmund (D:5)
  A wasp (D:9)
  A necrophage (D:5)
  6 orc warriors
  2 sky beasts (D:6)
  2 centaurs
  3 ice beasts
  The ghost of afd the Magician, an average DsWz (D:3)
  3 giant frogs
  3 ogres
  3 scorpions
  2 killer bees (D:9)
  2 crimson imps (D:6)
  2 goliath beetles
  2 giant frog skeletons
  Ijyb (D:3)
  4 hounds
  3 orc priests
  8 orc wizards
  Jessica (D:2)
  5 worker ants
  3 iguanas
  A killer bee zombie (D:5)
  A hound skeleton (D:7)
  Robin (D:2)
  6 gnolls
  14 adders
  2 shadow imps
  A worm (D:3)
  2 adder zombies
  An adder skeleton (D:8)
  5 giant geckos
  An ooze (D:3)
  28 orcs
  A ball python (D:1)
  A bat zombie (D:5)
  16 hobgoblins
  10 jackals
  28 kobolds
  A quokka (D:5)
  8 bats
  5 giant cockroaches
  A giant gecko skeleton (D:6)
  2 giant newts
  14 goblins
  A quokka zombie (D:8)
  9 rats
  A butterfly (D:9)
223 creatures vanquished.

Vanquished Creatures (others)
  A rat (D:3)
1 creature vanquished.

Grand Total: 224 creatures vanquished

Notes
Turn   | Place    | Note
--------------------------------------------------------------
     0 | D:1      | Psiweapon, the Troll Hunter, began the quest for the Orb.
     0 | D:1      | Reached XP level 1. HP: 19/19 MP: 0/0
   286 | D:1      | Reached XP level 2. HP: 27/27 MP: 1/1
   483 | D:1      | Reached skill level 4 in Throwing
   991 | D:2      | Noticed Jessica
   997 | D:2      | Killed Jessica
   997 | D:2      | Reached XP level 3. HP: 35/35 MP: 2/2
  1038 | D:2      | Found an ancient bone altar of Kikubaaqudgha.
  1315 | D:2      | Noticed Robin
  1321 | D:2      | Killed Robin
  1321 | D:2      | Reached skill level 1 in Unarmed Combat
  1336 | D:2      | Reached XP level 4. HP: 42/42 MP: 3/3
  1500 | D:2      | Found a shadowy altar of Dithmenos.
  1540 | D:2      | Found a stormy altar of Qazlal.
  1739 | D:2      | Upgraded the game from 0.17-a0-473-gfd9ac06 to 0.17-a0-483-g810ce3f
  1841 | D:3      | Noticed a giant frog
  1852 | D:3      | Killed a giant frog
  1852 | D:3      | Reached XP level 5. HP: 17/50 MP: 4/4
  2173 | D:3      | Reached XP level 6. HP: 59/59 MP: 5/5
  2234 | D:3      | Noticed Ijyb
  2248 | D:3      | Killed Ijyb
  2256 | D:3      | Noticed afd's ghost (average DsWz)
  2261 | D:3      | Killed afd's ghost
  2450 | D:3      | Found a blossoming altar of Fedhas.
  3071 | D:4      | Found a bloodstained altar of Trog.
  3260 | D:4      | Reached XP level 7. HP: 64/67 MP: 6/6
  3334 | D:5      | Entered Level 5 of the Dungeon
  3384 | D:5      | Noticed Edmund
  3398 | D:5      | Killed Edmund
  3398 | D:5      | Reached skill level 5 in Throwing
  3409 | D:5      | Reached skill level 1 in Stealth
  3563 | D:5      | Found Itoyrgh's Elemental Accessories.
  3571 | D:5      | Bought a wand of fire (6) for 200 gold pieces
  3788 | D:5      | Reached XP level 8. HP: 64/68 MP: 7/7
  3933 | D:5      | You fall through a shaft for 3 floors!
  4000 | D:8      | Found an iron altar of Okawaru.
  4112 | D:8      | Reached skill level 5 in Dodging
  4532 | D:7      | Found a flagged portal.
  4542 | Bailey   | Entered a bailey
  4570 | Bailey   | Noticed an orc knight
  4574 | Bailey   | an orc knight changed into a tarantella
  4584 | Bailey   | Reached skill level 1 in Evocations
  5183 | D:6      | Reached XP level 9. HP: 57/77 MP: 10/10
  5405 | D:6      | Found a bloodstained altar of Trog.
  5414 | D:6      | Reached skill level 5 in Evocations
  5489 | D:6      | Found a staircase to the Ecumenical Temple.
  5498 | Temple   | Entered the Ecumenical Temple
  5681 | Temple   | Became a worshipper of Cheibriados the Contemplative
  6401 | D:8      | Acquired Cheibriados's first power
  6516 | D:8      | Reached skill level 5 in Unarmed Combat
  6516 | D:8      | Reached skill level 1 in Invocations
  6666 | D:8      | Reached skill level 6 in Throwing
  6793 | D:8      | Noticed Erolcha
  6797 | D:8      | Killed Erolcha
  6797 | D:8      | Reached XP level 10. HP: 68/86 MP: 13/13
  7029 | D:9      | Found a shadowy altar of Dithmenos.
  7055 | D:9      | Paralysed by a wasp for 1 turns
  7208 | D:9      | HP: 4/93 [killer bee (3)]
  7208 | D:9      | Slain by a yak

Action                   |  1- 3 |  4- 6 |  7- 9 | 10-12 || total
-------------------------+-------+-------+-------+-------++-------
Melee: Unarmed           |    91 |   164 |   296 |    31 ||   582
Throw: Tomahawk          |     7 |    12 |   217 |     4 ||   240
       Large rock        |     4 |    10 |    18 |     2 ||    34
       Throwing net      |       |       |     4 |       ||     4
Invok: Bend Time         |       |       |     1 |     2 ||     3
 Abil: Evoke Teleportati |       |       |       |     1 ||     1
Evoke: Wand              |       |       |    12 |     6 ||    18
  Use: Potion            |       |       |     3 |     2 ||     5
       Scroll            |       |       |     8 |     2 ||    10
 Stab: Held in net/web   |       |       |     1 |       ||     1
       Sleeping          |       |       |     2 |       ||     2
  Eat: Chunk             |    10 |    22 |    31 |     3 ||    66
       Beef jerky        |       |       |     1 |       ||     1
